 Dungeon Crawl Stone Soup version 0.30-a0-840-ga523dec638 (webtiles) character file.

Game seed: 4485886814688831267

147548 Zenkrye the Warrior (level 18, -18/153 HPs)
             Began as a Human Cinder Acolyte on Feb 28, 2023.
             Was a High Priest of Ignis.
             Demolished by a nagaraja
             ... wielding a +0 spear
              (30 damage)
             ... on level 2 of the Snake Pit on Mar 1, 2023.
             The game lasted 01:56:20 (36127 turns).

Zenkrye the Warrior (Human Cinder Acolyte)         Turns: 36127, Time: 01:56:20

Health: -18/153    AC: 30    Str: 20    XL:     18   Next: 9%
Magic:  22/22      EV: 12    Int: 15    God:    Ignis [*****.]
Gold:   765        SH: 20    Dex: 11    Spells: 15/23 levels left

rFire   + . .      SeeInvis .    d - +5 trident (distort)
rCold   + . .      Faith    .    O - +2 kite shield
rNeg    . . .      Spirit   .    Q - +2 crystal plate armour {rC+}
rPois   +          Reflect  +    o - +1 helmet
rElec   .          Harm     .    X - +0 cloak {rPois}
rCorr   .          Rampage  .    D - +1 pair of gloves
Will    +....      NoTele   +    g - +0 pair of boots Stlth
                                 b - amulet of reflection
HPRegen 0.45/turn                V - +5 ring of evasion
MPRegen 0.18/turn                v - +5 ring of evasion

@: lethally poisoned (-18 -> -27), untranslocatable, rising, flying, slowed,
constricted, studying Invocations, very slow
A: no striking features
a: Renounce Religion, Fiery Armour, Foxfire Swarm


You were on level 2 of the Snake Pit.
You worshipped Ignis.
Ignis was extremely pleased with you.
You visited 4 branches of the dungeon, and saw 24 of its levels.
You also visited: Gauntlet and Ice Cave.

You collected 2892 gold pieces.
You spent 2127 gold pieces at shops.

Inventory:

Hand Weapons
 d - a +5 trident of distortion (weapon)
 C - a +0 vampiric demon trident
Missiles
 a - 5 datura-tipped darts
 x - 4 boomerangs of dispersal
 N - 48 boomerangs (quivered)
 S - 8 throwing nets {!f}
 Y - 22 silver javelins
Armour
 g - a +0 pair of boots (worn)
 o - a +1 helmet (worn)
 D - a +1 pair of gloves (worn)
 O - a +2 kite shield (worn)
 Q - a +2 crystal plate armour of cold resistance (worn)
 R - the -1 cloak of Dice, Bag, and Bottle {Int+2 Dex+3 Slay+3}
   (You found it in a Gauntlet)

   Int:       It affects your intelligence (+2).
   Dex:       It affects your dexterity (+3).
   Slay:      It affects your accuracy & damage with ranged weapons and melee
   (+3).
 X - a +0 cloak of poison resistance (worn)
Jewellery
 b - an amulet of reflection (around neck)
 c - a ring of protection from cold
 v - a +5 ring of evasion (right hand)
 w - a ring of wizardry
 B - a ring of wizardry
 V - a +5 ring of evasion (left hand)
 W - a ring of see invisible
Wands
 j - a wand of polymorph (8)
 p - a wand of light (6)
 H - a wand of digging (15) {@v1}
 I - a wand of flame (22)
 K - a wand of mindburst (14)
 L - a wand of roots (27)
 P - a wand of charming (11)
Scrolls
 e - a scroll of amnesia
 i - 5 scrolls of identify {@r1}
 m - 2 scrolls of fog
 q - a scroll of vulnerability
 r - 3 scrolls of magic mapping
 t - 2 scrolls of fear
 y - 4 scrolls of immolation
 z - a scroll of blinking {@r4}
 J - 2 scrolls of summoning
 M - 2 scrolls of poison
 U - 2 scrolls of teleportation {@r3}
Potions
 f - 3 potions of cancellation
 h - 4 potions of brilliance
 k - 6 potions of haste {@q3}
 l - 5 potions of curing {@q1}
 u - 3 potions of flight
 A - 5 potions of mutation
 E - 4 potions of might {@q4}
 F - 2 potions of invisibility
 T - a potion of resistance {@q6}
Miscellaneous
 n - a lightning rod (4/4)
 s - a phantom mirror


   Skills:
 + Level 16.4 Fighting
 - Level 14.0 Polearms
 - Level 10.0 Armour
 - Level 10.0 Dodging
 - Level 15.0 Shields
 - Level 3.0 Spellcasting
 - Level 8.0 Translocations
 - Level 3.0 Fire Magic
 - Level 8.0 Evocations


You had 15 spell levels left.
You knew the following spells:

 Your Spells              Type           Power      Damage    Failure   Level
a - Scorch                Fire           22%        2d6       100%        2
b - Blink                 Tloc           52%        N/A       90%         2
c - Manifold Assault      Tloc           26%        N/A       100%        4

Your spell library contained the following spells:

 Spells                   Type           Power      Damage    Failure   Level
 Freeze                   Ice            8%         1d3       100%        1
 Cigotuvi's Dreadful Rot  Necr/Pois/Air  4%         N/A       100%        2
 Static Discharge         Conj/Air       4%         2-3/arc   100%        2
 Frozen Ramparts          Ice            4%         1d1       100%        3
 Hailstorm                Conj/Ice       2%         3d3       100%        3
 Ignite Poison            Fire/Tmut/Pois 5%         N/A       100%        3
 Inner Flame              Hex/Fire       6%         N/A       100%        3
 Kindle Blastsparks       Fire/Tloc/Air  26%        2d12      100%        3
 Vhi's Electric Charge    Tloc/Air       28%        N/A       100%        3
 Anguish                  Hex/Necr       1%         N/A       100%        4
 Animate Dead             Necr           2%         N/A       100%        4
 Dispel Undead            Necr           2%         3d7       100%        4
 Flame Wave               Conj/Fire      6%         2d5       100%        4
 Passage of Golubria      Tloc           26%        N/A       100%        4
 Petrify                  Tmut/Erth      2%         N/A       100%        4
 Sticky Flame             Conj/Fire      6%         2d3       100%        4
 Arcjolt                  Conj/Air       1%         1d11      100%        5
 Borgnjor's Vile Clutch   Necr/Erth      1%         N/A       100%        5
 Freezing Cloud           Conj/Ice/Air   1%         6-21      100%        5
 Lightning Bolt           Conj/Air       1%         1d12      100%        5
 Metabolic Englaciation   Hex/Ice        1%         N/A       100%        5
 Silence                  Hex/Air        1%         N/A       100%        5
 Death Channel            Necr           1%         N/A       100%        6
 Statue Form              Tmut/Erth      1%         N/A       100%        6
 Summon Cactus Giant      Summ           1%         N/A       100%        6
 Enfeeble                 Hex            1%         N/A       100%        7
 Storm Form               Tmut/Air       1%         N/A       100%        7
 Ignition                 Fire           5%         3d4       100%        8
 Lehudib's Crystal Spear  Conj/Erth      1%         10d2      100%        8


Dungeon Overview and Level Annotations

Branches:
Dungeon (15/15)            Temple (0/1) D:4            Lair (5/5) D:8
 Shoals (0/4) Lair:3        Snake (2/4) Lair:3        Slime (0/5) Lair:4
    Orc (2/2) D:12            Elf (0/3) Orc:2        Vaults (0/5) D:13
 Depths (0/4) D:15          IceCv (visited)         Gauntlet (visited)

Altars:
Cheibriados
Dithmenos
Fedhas
Gozag
Hepliaklqana
Kikubaaqudgha
Okawaru
Qazlal
Ru
Trog
Vehumet
Wu Jian
Xom
Zin
The Shining One
Jiyva

Shops:
D:3 (   D:4 *   D:7 *   D:8 *   D:9 *   Orc:2 ([*:

Portals:
Abyss: D:6
Trove: D:14 (give +7 demon trident)

Annotations:
D:6 baller8008's ghost, novice DECj
D:11 2 runed translucent doors, patfeehan111222's ghost, journeyman MiBe
Temple Trident Distortion
Lair:5 2 transporters, bakla's ghost, journeyman OpNe
Snake:2 Mlioglotl
Abyss:1 Rupert


Message History

You barely resist. The nagaraja casts a spell at you.
You barely resist.
You feel much better.
You feel very sick. You block the naga warrior's attack.
The naga warrior constricts you.
* * * LOW HITPOINT WARNING * * *
You block the nagaraja's attack. The naga warrior spits poison at you.
The splash of poison hits you but does no damage.
You resist. The nagaraja spits poison at you. The splash of poison hits you.
You resist.
* * * LOW HITPOINT WARNING * * *
The naga warrior spits poison at you.
The splash of poison hits you but does no damage.
You are more poisoned.
You resist. The naga warrior constricts you. The nagaraja spits poison at you.
The splash of poison hits you but does no damage.
You are more poisoned.
You resist.
The naga warrior hits you but does no damage.
You block the nagaraja's attack.
Unknown command.
You feel much better.
* * * LOW HITPOINT WARNING * * *
You feel extremely sick.
The naga warrior no longer looks unusually strong.
You block the nagaraja's attack.
The naga warrior hits you but does no damage.
The naga warrior constricts you. You block the naga warrior's attack.
You block the nagaraja's attack. The nagaraja barely misses you.
You begin to rise into the air.
* * * LOW HITPOINT WARNING * * *
You feel very sick.
The nagaraja no longer looks unusually strong.
The naga warrior seems to regain its courage.
The nagaraja hits you with a +0 spear!!
You die...

### ..### #..≈...≈.N#
....#### ..≈≈.≈≈..#
.......######..≈~≈..#
....)....#..#.......#
#..........)##(....#
####........÷#.....#
#.........#.)N..#
##........#..@..#
#[.........NNN.###
######.................
#.....[...#...........#
.........###.........##
........## ##......###
..####### #.....## ..##
.....## ...# #....##


You could see 2 nagarajas and 3 naga warriors.

Vanquished Creatures
  Frances (D:12)
  A minotaur (Gauntlet)
  Josephine (Lair:4)
  Harold (Orc:1)
  2 hydras
  A salamander tyrant (Snake:2)
  A death knight (D:14)
  10 centaur warriors
  3 boulder beetles
  6 two-headed ogres
  3 anacondas
  2 death scarabs (Gauntlet)
  A tengu warrior (D:14)
  A satyr (D:14)
  2 orc high priests (Orc:2)
  4 naga warriors
  3 naga sharpshooters
  2 shock serpents
  Nergalle (Lair:3)
  A storm dragon zombie (D:15)
  2 deep elf knights (D:13)
  A skyshark (Lair:5)
  A salamander mystic (Snake:2)
  6 skeletal warriors
  A spark wasp zombie (D:15)
  A flayed ghost (D:15)
  A swamp dragon (Lair:5)
  A wizard (D:14)
  A spectral hydra (Gauntlet)
  A phantasmal warrior (D:14)
  2 naga ritualists (Snake:1)
  2 necromancers
  2 orc knights (Orc:2)
  17 ugly things
  3 manticores
  A deep elf pyromancer (D:13)
  6 orc sorcerers
  11 cyclopes
  4 mana vipers
  A wolf spider (Gauntlet)
  6 salamanders (Snake:2)
  Maurice (D:8)
  3 centaur zombies (D:11)
  A guardian serpent (Snake:2)
  10 elephants
  2 cane toads
  9 naga magi
  An ice statue (IceCv)
  21 black mambas
  A gargoyle (D:10)
  2 kobold demonologists
  A komodo dragon (shapeshifter) (D:14)
  6 rime drakes
  A rime drake (shapeshifter) (D:15)
  2 efreet
  2 tengu conjurers
  An anaconda simulacrum (IceCv)
  A freezing wraith (D:15)
  11 ice devils (IceCv)
  4 komodo dragons
  A wind drake (Lair:3)
  3 meliai
  8 trolls
  4 hornets (Lair:5)
  5 polar bears (Lair:5)
  8 dream sheep
  33 blink frogs
  A spectral dream sheep (Gauntlet)
  A slime creature (D:11)
  Sigmund (D:5)
  12 spriggans
  34 yaks
  3 dire elephant simulacra (IceCv)
  2 hogs
  2 wyverns
  3 vampires
  7 basilisks
  3 water elementals (D:13)
  6 wraiths
  A steam dragon (D:10)
  2 redbacks (Gauntlet)
  2 vampire mosquitoes (Lair:4)
  4 death yak simulacra (IceCv)
  11 nagas
  4 harpy simulacra (IceCv)
  A human zombie (D:15)
  2 wargs
  An acid dragon (D:11)
  2 hell hounds (Lair:3)
  A hydra simulacrum (IceCv)
  19 water moccasins
  A swamp drake (Lair:4)
  3 sky beasts
  A black bear (Lair:4)
  36 orc warriors
  2 boggarts (Lair:5)
  33 wolves
  2 ogres
  9 centaurs
  2 phantoms (D:5)
  5 kobold brigands
  8 bullfrogs
  2 necrophages (D:5)
  5 cane toad simulacra (IceCv)
  6 gnoll sergeants
  3 two-headed ogre simulacra (IceCv)
  2 scorpions
  7 wights
  4 killer bees (D:9)
  2 elephant simulacra (IceCv)
  A howler monkey (D:12)
  7 electric eels
  5 jellies
  Crazy Yiuf (D:6)
  23 orc priests
  5 hounds
  4 iguanas
  Natasha (twice) (D:2)
  3 gnoll boudas
  6 hell rats (Lair:1)
  30 orc wizards
  A spriggan simulacrum (IceCv)
  4 wolf simulacra (IceCv)
  2 polar bear simulacra (IceCv)
  Robin (D:2)
  28 gnolls
  A river rat (D:5)
  12 adders
  A naga simulacrum (IceCv)
  A shadow imp (D:7)
  2 white imps
  2 ufetubi (D:6)
  A worm (D:4)
  2 dart slugs
  67 orcs
  5 bats
  6 endoplasms
  3 giant cockroaches
  16 goblins
  6 hobgoblins
  4 jackals
  18 kobolds
  5 quokkas
  7 ball pythons
  3 frilled lizards (D:2)
  7 rats
810 creatures vanquished.

Vanquished Creatures (others)
  A komodo dragon (Lair:5)
  28 fungi
  90 plants
  7 withered plants (D:15)
126 creatures vanquished.

Grand Total: 936 creatures vanquished

Notes
Turn   | Place    | Note
-------+----------+-------------------------------------------
     0 | D:1      | Zenkrye the Human Cinder Acolyte began the quest for the
                  | Orb.
     0 | D:1      | Reached XP level 1. HP: 18/18 MP: 2/2
    84 | D:1      | Reached XP level 2. HP: 24/24 MP: 3/3
    88 | D:1      | Learned a level 2 spell: Scorch
   729 | D:1      | Reached XP level 3. HP: 26/29 MP: 4/4
   964 | D:1      | Identified a scroll of acquirement
   964 | D:1      | Acquired a +1 buckler of protection
  1324 | D:2      | Reached skill level 1 in Shields
  1454 | D:2      | Reached XP level 4. HP: 35/35 MP: 5/5
  1655 | D:2      | Noticed Robin
  1751 | D:2      | Noticed Natasha
  1768 | D:2      | Killed Natasha
  2043 | D:2      | Killed Robin
  2044 | D:2      | Reached XP level 5. HP: 41/41 MP: 6/6
  2260 | D:2      | Noticed Natasha
  2278 | D:2      | Killed Natasha
  2279 | D:2      | Reached skill level 5 in Polearms
  2624 | D:3      | Found a stormy altar of Qazlal.
  2669 | D:3      | Found a blossoming altar of Fedhas.
  2770 | D:3      | Found Uluipsa's Antique Weapon Shop.
  2989 | D:3      | Found a shimmering altar of Xom.
  2992 | D:3      | Found a hazy altar of Hepliaklqana.
  2995 | D:3      | Found a radiant altar of Vehumet.
  2997 | D:3      | Found an opulent altar of Gozag.
  3002 | D:3      | Found a glowing golden altar of the Shining One.
  3344 | D:4      | Found a staircase to the Ecumenical Temple.
  3495 | D:4      | Reached XP level 6. HP: 46/47 MP: 7/7
  3642 | D:4      | Found Gohiul's Assorted Antiques.
  4062 | D:5      | Entered Level 5 of the Dungeon
  4148 | D:5      | Reached XP level 7. HP: 52/52 MP: 5/8
  4529 | D:5      | Found an ornate altar of the Wu Jian Council.
  4862 | D:5      | Reached XP level 8. HP: 56/58 MP: 7/9
  5131 | D:5      | Noticed Sigmund
  5148 | D:5      | Killed Sigmund
  5291 | D:6      | Noticed baller8008's ghost (novice DECj)
  5292 | D:6      | Found a one-way gate to the infinite horrors of the Abyss.
  5294 | D:6      | Noticed a hell hog
  5298 | D:6      | Noticed a cyan ugly thing
  5398 | D:6      | Reached skill level 5 in Shields
  6341 | D:6      | Reached XP level 9. HP: 59/63 MP: 10/10
  6396 | D:6      | Found a transporter.
  6434 | D:6      | Found a runed translucent door.
  6435 | D:6      | Noticed Crazy Yiuf
  6463 | D:6      | Noticed a green ugly thing
  6511 | D:6      | Found a transporter.
  6668 | D:6      | Found a snail-covered altar of Cheibriados.
  6677 | D:6      | Found a glowing silver altar of Zin.
  6746 | D:6      | Killed Crazy Yiuf
  6802 | D:7      | Reached skill level 10 in Polearms
  7157 | D:7      | Found Lyaf's Gadget Gallery.
  7826 | D:8      | Noticed a two-headed ogre
  7849 | D:8      | Killed a two-headed ogre
  7850 | D:8      | Reached XP level 10. HP: 64/70 MP: 11/11
  7938 | D:8      | Noticed Joseph
  8012 | D:8      | Reached skill level 1 in Armour
  8155 | D:8      | Noticed Maurice
  8183 | D:8      | Killed Maurice
  8202 | D:8      | Noticed a two-headed ogre
  8219 | D:8      | Killed a two-headed ogre
  8220 | D:8      | Reached skill level 4 in Fighting
  8413 | D:8      | Noticed Maggie
  8437 | D:8      | Maggie changed into Maggie the hog
  8437 | D:8      | Noticed Maggie
  8452 | D:8      | Killed Maggie the hog
  8487 | D:8      | Joseph changed into Joseph the centaur
  8487 | D:8      | Noticed Joseph
  8507 | D:8      | Killed Joseph the centaur
  8670 | D:8      | Found a staircase to the Lair.
  8730 | D:8      | Found Masusk's CLEARANCE SALE!.
  8754 | D:8      | Found a shadowy altar of Dithmenos.
  8754 | D:8      | Found a bloodstained altar of Trog.
  8757 | D:8      | Found an ancient bone altar of Kikubaaqudgha.
  9260 | D:9      | Noticed a kobold demonologist
  9266 | D:9      | Killed a kobold demonologist
  9267 | D:9      | Reached skill level 1 in Evocations
  9931 | D:9      | Reached XP level 11. HP: 78/78 MP: 12/12
  9996 | D:9      | Found Qiuggoba's General Store.
 10068 | D:9      | Reached skill level 5 in Fighting
 10073 | D:9      | Noticed a centaur warrior
 10077 | D:9      | Noticed a manticore
 10228 | D:6      | Killed a green ugly thing
 10728 | D:9      | Killed a centaur warrior
 10879 | D:9      | Noticed a two-headed ogre
 10890 | D:9      | Killed a two-headed ogre
 10901 | D:9      | Reached skill level 5 in Armour
 11032 | D:9      | Killed a manticore
 11404 | D:10     | Entered Level 10 of the Dungeon
 11425 | D:10     | Reached skill level 6 in Fighting
 11727 | D:10     | Noticed a two-headed ogre
 11734 | D:10     | Killed a two-headed ogre
 12149 | D:10     | Noticed a two-headed ogre
 12160 | D:10     | Killed a two-headed ogre
 12335 | Lair:1   | Entered Level 1 of the Lair of Beasts
 12354 | Lair:1   | Reached XP level 12. HP: 89/89 MP: 13/13
 12436 | Lair:1   | Reached skill level 5 in Evocations
 12475 | Lair:1   | Reached skill level 7 in Fighting
 13551 | Lair:1   | Noticed a boulder beetle
 13558 | Lair:1   | Reached skill level 8 in Fighting
 13577 | Lair:1   | Killed a boulder beetle
 13926 | Lair:1   | Reached skill level 1 in Dodging
 14539 | Lair:2   | You fall into a shaft and drop 2 floors!
 14563 | Lair:4   | Reached XP level 13. HP: 78/99 MP: 14/14
 14678 | Lair:4   | Reached skill level 9 in Fighting
 15467 | Lair:3   | Found a staircase to the Shoals.
 15616 | Lair:3   | Found a staircase to the Snake Pit.
 15664 | Lair:3   | Reached skill level 5 in Dodging
 16051 | Lair:3   | Noticed Nergalle
 16067 | Lair:3   | Killed Nergalle
 16242 | Lair:3   | Reached skill level 10 in Fighting
 16912 | Lair:2   | Reached skill level 10 in Shields
 17015 | Lair:2   | Reached XP level 14. HP: 83/110 MP: 15/15
 17211 | Lair:2   | Learned a level 2 spell: Blink
 17320 | Lair:4   | Noticed Josephine
 17682 | Lair:4   | Reached skill level 1 in Translocations
 17708 | Lair:4   | Killed Josephine
 17874 | Lair:4   | Found a viscous altar of Jiyva.
 17874 | Lair:4   | Found a staircase to the Slime Pits.
 18189 | Lair:5   | Entered Level 5 of the Lair of Beasts
 18219 | Lair:5   | Reached skill level 10 in Armour
 18582 | Lair:5   | Found a transporter.
 18596 | Lair:5   | Noticed bakla's ghost (journeyman OpNe)
 18597 | Lair:5   | Found a transporter.
 19368 | Lair:5   | Reached skill level 11 in Fighting
 20174 | Lair:5   | Reached XP level 15. HP: 100/119 MP: 19/19
 20318 | Lair:5   | Reached skill level 5 in Translocations
 20480 | Lair:5   | Learned a level 4 spell: Manifold Assault
 21168 | D:4      | Bought a scroll of teleportation for 87 gold pieces
 21168 | D:4      | Bought a scroll of enchant weapon for 217 gold pieces
 21359 | D:9      | Bought a scroll of summoning for 95 gold pieces
 21359 | D:9      | Bought a scroll of identify for 20 gold pieces
 21445 | D:11     | Found a frozen archway.
 21449 | IceCv    | Entered an ice cave
 21734 | IceCv    | Found an ancient bone altar of Kikubaaqudgha.
 22777 | D:11     | Reached skill level 12 in Fighting
 22879 | D:11     | Noticed patfeehan111222's ghost (journeyman MiBe)
 22880 | D:11     | Noticed a lich
 22882 | D:11     | Noticed a stone giant
 23254 | D:11     | Found a runed translucent door.
 23265 | D:11     | Found a runed translucent door.
 23540 | D:12     | Noticed Frances
 23661 | D:12     | Found a staircase to the Orcish Mines.
 23805 | D:12     | Killed Frances
 24341 | Orc:1    | Entered Level 1 of the Orcish Mines
 24755 | Orc:2    | Entered Level 2 of the Orcish Mines
 24755 | Orc:2    | Found a staircase to the Elven Halls.
 24868 | Orc:1    | Noticed Harold
 24884 | Orc:1    | Killed Harold
 25427 | Orc:2    | Reached XP level 16. HP: 82/129 MP: 20/20
 26190 | Orc:2    | Found Acaqiost's Antique Armour Shoppe.
 26191 | Orc:2    | Found Jiklif's Antique Weapon Emporium.
 26193 | Orc:2    | Found Dawn's General Store.
 26193 | Orc:2    | Found Oroynn's Book Shoppe.
 26211 | Orc:2    | Bought a glowing cloak for 285 gold pieces
 26222 | Orc:2    | Upgraded the game from 0.30-a0-830-gfe289a77b0 to
                  | 0.30-a0-840-ga523dec638
 26230 | Orc:2    | Bought a potion of heal wounds for 65 gold pieces
 26230 | Orc:2    | Bought 3 boomerangs for 78 gold pieces
 26231 | Orc:2    | Bought a manual of Invocations for 800 gold pieces
 26466 | D:7      | Bought a phantom mirror for 480 gold pieces
 26611 | D:13     | You fall into a shaft and drop 1 floor!
 26670 | D:13     | Found a gate to the Vaults.
 26681 | D:13     | Reached skill level 10 in Dodging
 27250 | D:13     | Found an iron altar of Okawaru.
 27343 | D:13     | Reached skill level 13 in Fighting
 27665 | D:13     | Noticed Sonja
 27666 | D:13     | Sonja changed into Sonja the hog
 27666 | D:13     | Noticed Sonja
 27670 | D:13     | Killed Sonja the hog
 27777 | D:13     | Identified the +3 leather armour of Inference {rF+ rCorr
                  | Stlth+}
 27880 | D:13     | Identified the +1 robe "Safe" {Str+3}
 28482 | D:13     | Acquired a +0 vampiric demon trident
 28519 | D:14     | Noticed Agnes
 28521 | D:14     | Agnes changed into Agnes the satyr
 28521 | D:14     | Noticed Agnes
 28539 | D:14     | Killed Agnes the satyr
 28823 | D:14     | Noticed Rupert
 28851 | D:14     | HP: 4/131 [something (25)]
 28851 | D:14     | HP: 1/131 [something (3)]
 29233 | D:15     | Entered Level 15 of the Dungeon
 29287 | D:15     | Found a gate leading to a gauntlet.
 29305 | Gauntlet | Entered a Gauntlet
 29305 | Gauntlet | Found a transporter.
 29305 | Gauntlet | Found a transporter.
 29305 | Gauntlet | Found a transporter.
 29306 | Gauntlet | Found a transporter.
 29309 | Gauntlet | Found a transporter.
 29325 | Gauntlet | Found a transporter.
 29325 | Gauntlet | Found a transporter.
 29332 | Gauntlet | Found a transporter.
 29340 | Gauntlet | Found a transporter.
 29358 | Gauntlet | Found a transporter.
 29366 | Gauntlet | Found a transporter.
 29384 | Gauntlet | Found a transporter.
 29784 | Gauntlet | Identified the -1 cloak of Dice, Bag, and Bottle {Int+2
                  | Dex+3 Slay+3}
 30157 | D:15     | Found a staircase to the Depths.
 30364 | D:15     | Reached XP level 17. HP: 121/138 MP: 21/21
 30557 | D:15     | Reached skill level 14 in Fighting
 30918 | D:15     | Identified the +3 scale mail of Twilight {rPois SInv}
 31548 | D:14     | Found a sacrificial altar of Ru.
 31890 | D:14     | Found a portal to a secret trove of treasure.
 31996 | D:14     | Banished Rupert
 32315 | Snake:1  | Entered Level 1 of the Snake Pit
 34426 | Snake:2  | Reached skill level 15 in Fighting
 34434 | Snake:2  | Reached skill level 15 in Shields
 35291 | Snake:2  | Reached skill level 16 in Fighting
 35525 | Snake:2  | Noticed Mlioglotl
 35641 | Snake:2  | Reached XP level 18. HP: 130/151 MP: 22/22
 36124 | Snake:2  | HP: 2/153 [nagaraja/+0 spear (27)]
 36127 | Snake:2  | Demolished by a nagaraja

Illustrated notes

Levels and vault maps discovered:
D:1:      amcnicky_arrival_wind_blow, layout_loops_corners
D:2:      layout_loops_corners, wander_ebering_terrifying_dragon_lair,
          uniq_robin, uniq_natasha
D:3:      layout_basic, grunt_temple_overflow_forces_of_nature, minitemple,
          serial_shops, nicolae_shop_crystal
D:4:      layout_rooms, minmay_temple_entry_glassed_door, serial_shops,
          nicolae_inconvenience_store
D:5:      layout_loops_ring, mainiacjoe_overflow_surrounded_room,
          portal_sewer_entry_b, uniq_sigmund
D:6:      layout_loops_ring, mainiacjoe_overflow_swirl,
          gammafunk_ghost_abyssal_escape, uniq_crazy_yiuf_cottage
D:7:      layout_basic, st_stairs_10, nicolae_shop_gadgets
D:8:      layout_basic, chequers_temple_overflow_statue_of_worship,
          lair_entry_dummy, nicolae_shop_clearance, uniq_maurice, uniq_joseph,
          uniq_maggie
D:9:      minmay_chambers_of_sixes, layout_loops_ring, serial_shops, shop,
          fungi_pond_lemuel, dk_noncrumbling_2
D:10:     layout_irregular_city
D:11:     layout_long_grid, muffindrake_ghost_dual_entry,
          portal_ice_cave_entry_pillars_1, nrook_campfire,
          dreamdust_mushroom_princess, minivault_10, hangedman_weighted_door,
          kb_rosetta
D:12:     minmay_general_purpose_star, layout_loops_ring, orc_david_3,
          uniq_frances
D:13:     evilmike_iron_armoury, layout_basic, uniq_sonja
D:14:     layout_rooms, hangedman_ru_absence, nicolae_trove_entry_crossroad,
          uniq_agnes, uniq_rupert
D:15:     gammafunk_depths_entry_grave, layout_small_grid,
          roderic_nine_men_s_morris, gauntlet_entry_generic
Lair:1:   beast_lair_carwin_large_4, layout_cellular_growth, serial_bayou,
          serial_bayou_ford_a, serial_bayou_pond_d, serial_bayou_shore_a,
          serial_bayou_pond_b
Lair:2:   layout_long_grid, minmay_holes
Lair:3:   layout_chaotic_city, minmay_shoals_entry_beasts,
          minmay_snake_entry_six_corridors, enter_volcano_3, lemuel_fruit_tree,
          uniq_nergalle
Lair:4:   layout_regular_city, slime_entry_1, minivault_26,
          cheibrodos_lair_reptile_den, infiniplex_staircase_pool,
          serial_bayou_shore_b, uniq_josephine
Lair:5:   minmay_lair_end_enchanted_forest, layout_misc_corridors,
          gammafunk_ghost_arena, st_stairs_4, pond
Snake:1:  layout_onion, hangedman_snake_pattern,
          nicolae_snake_yet_another_twisty_hallway
Snake:2:  nicolae_cobra_stairs, layout_onion, uniq_mlioglotl
Orc:1:    layout_caves, uniq_harold
Orc:2:    st_orc_congregation, layout_diamond_mine

Skill      XL: |  1  2  3  4  5  6  7  8  9 10 11 12 13 14 15 16 17 |
---------------+----------------------------------------------------+-----
Polearms       | 4 5 6 7 9 12 13 14 | 14.0
Shields        | 1 2 3 4 5 6 8 10 11 12 13 15 | 15.0
Armour         | 3 6 8 9 10 | 10.0
Fighting       | 4 6 8 10 11 12 13 16 | 16.4
Evocations     | 1 4 5 7 8 |  8.0
Dodging        | 2 5 7 9 10 | 10.0
Translocations | 4 7 8 |  8.0
Spellcasting   | 3 |  3.0
Fire Magic     | |  3.0

Action                     |  1- 3 |  4- 6 |  7- 9 | 10-12 | 13-15 | 16-18 || total
---------------------------+-------+-------+-------+-------+-------+-------++-------
  Melee: Spear             |   110 |   362 |   540 |   276 |       |       ||  1288
         Trident           |       |       |       |   435 |  1545 |  1265 ||  3245
  Throw: Dart              |       |       |    11 |    44 |    19 |     3 ||    77
         Throwing net      |       |       |     1 |       |       |       ||     1
         Boomerang         |       |       |       |       |     8 |    44 ||    52
   Cast: Scorch            |     1 |     2 |     1 |       |       |       ||     4
         Blink             |       |       |       |       |     1 |       ||     1
 Invoke: Rising Flame      |       |       |       |       |       |     1 ||     1
  Evoke: Wand              |       |       |     2 |    18 |     2 |     5 ||    27
         Lightning rod     |       |       |       |     1 |     4 |     2 ||     7
         Phantom mirror    |       |       |       |       |       |     2 ||     2
    Use: Scroll            |     6 |     7 |     5 |    10 |    12 |    15 ||    55
         Potion            |       |       |       |     2 |     6 |    10 ||    18
   Stab: Invisible         |       |       |     2 |     1 |       |     2 ||     5
         Held in net/web   |       |       |     3 |       |       |       ||     3
         Distracted        |       |       |       |     1 |       |       ||     1
         Petrified         |       |       |       |       |     5 |       ||     5
         Confused          |       |       |       |       |     1 |       ||     1
 Armour: Leather armour    |    10 |       |       |       |       |       ||    10
         Ring mail         |    13 |    55 |       |       |       |       ||    68
         Scale mail        |       |    50 |    99 |    12 |       |       ||   161
         Acid dragon scale |       |       |       |    86 |   136 |       ||   222
         Skin              |       |       |       |     3 |       |       ||     3
         Crystal plate arm |       |       |       |       |   159 |   342 ||   501
  Dodge: Dodged            |    34 |   158 |   190 |   210 |   426 |   345 ||  1363
  Block: Buckler           |     5 |    47 |    71 |    19 |       |       ||   142
         Kite shield       |       |       |       |   148 |   819 |   901 ||  1868
         Reflection        |       |       |       |       |    23 |   103 ||   126

Table legend: (Time is in decaauts)
 A = Elapsed time spent in this place.
 B = Non-inter-level travel time spent in this place.
 C = Inter-level travel time spent in this place.
 D = Time resting spent in this place.
 E = Time spent auto-exploring this place.
 F = Levels seen in this place.
 G = Mean time per level.
                   A        B        C        D        E       F      G
               +--------+--------+--------+--------+--------+-----+--------+
         Total |  34962 |  32162 |   2800 |   5675 |  19390 |  26 | 1344.7 |
       Dungeon |  19904 |  17855 |   2049 |   2765 |  11483 |  15 | 1326.9 |
          Lair |   8737 |   8185 |    552 |   1328 |   5121 |   5 | 1747.4 |
     Snake Pit |   3090 |   2939 |    151 |    916 |   1404 |   2 | 1545.0 |
  Orcish Mines |   1677 |   1630 |     47 |    315 |    791 |   2 |  838.5 |
      Ice Cave |    852 |    852 |      0 |    151 |    398 |   1 |  852.0 |
      Gauntlet |    699 |    699 |      0 |    199 |    192 |   1 |  699.0 |
               +--------+--------+--------+--------+--------+-----+--------+

Top non-repeatable levels by time:
     D:9: 2141 daAuts
  Lair:3: 1978 daAuts
  Lair:4: 1968 daAuts
  Lair:5: 1949 daAuts
 Snake:1: 1922 daAuts
    D:13: 1770 daAuts
  Lair:1: 1760 daAuts
    D:12: 1614 daAuts
     D:8: 1565 daAuts
    D:15: 1514 daAuts
     D:5: 1497 daAuts
     D:6: 1474 daAuts
     D:2: 1370 daAuts
    D:11: 1175 daAuts
 Snake:2: 1167 daAuts
